 Dungeon Crawl Stone Soup version 0.21-a0-258-g4c0eb85 (webtiles) character file.

613659 4thArraOfDagon the Mummy Blade (level 26, -4/224 HPs)
             Began as a Mummy Warper on Sept 3, 2017.
             Was the Champion of Okawaru.
             Slain by a bennu (10 damage)
             ... on level 2 of the Tomb of the Ancients on Sept 6, 2017.
             The game lasted 04:34:04 (50079 turns).

4thArraOfDagon the Mummy Blade (Mummy Warper)      Turns: 50079, Time: 04:34:05

Health: -4/224     AC: 36    Str: 17 (19) XL:     26   Next: 83%
Magic:  40/49      EV: 14    Int: 23      God:    Okawaru [******]
Gold:   1382       SH:  8    Dex: 11      Spells: 13/51 levels left

rFire    + + +     SeeInvis +   V - +9 triple sword (flame)
rCold    + + +     Gourm    .   (shield currently unavailable)
rNeg     + + +     Faith    .   G - +2 plate armour of the Thirteen Demons {rElec rF+}
rPois    ∞         Spirit   .   D - +2 helmet of Tartarus {rC+ rN+ Str+2 Stlth+}
rElec    +         Reflect  +   b - +2 cloak of the Thief {+Fog Slay-2 SInv Stlth+}
rCorr    .         Harm     .   Z - +1 pair of gloves of Fun {+Inv Regen+ Int+2}
MR       +++..                  E - +2 pair of boots of the Assassin {Detection Stab+ Stlth++}
Stlth    ++........             W - brooch of Shielding {Reflect SH+8}
HPRegen  0.87/turn              R - ring "Jenigh" {rC+ rN+ Slay+3}
MPRegen  0.31/turn              w - ring "Coridaj" {rPois rF+++ MP+9 Str+2 Dex-3}

@: heroism, finesse, studying 2 skills
A: no food or potions, fire vulnerability, cold resistance 1, negative energy
resistance 3, torment resistance, unbreathing, in touch with death 2
}: 3/15 runes: barnacled, silver, gossamer
a: Heroism, Finesse, Renounce Religion, Evoke Fog, Evoke Invisibility


You were on level 2 of the Tomb of the Ancients.
You worshipped Okawaru.
Okawaru was exalted by your worship.
You were not hungry.

You visited 10 branches of the dungeon, and saw 50 of its levels.
You visited 1 bazaar.
You also visited: Ice Cave.

You collected 4597 gold pieces.
You spent 3215 gold pieces at shops.

Inventory:

Hand Weapons
 a - the +2 longbow of the Salmon {flame, rF+ Str+4 Int+5}
   (Okawaru gifted it to you on level 9 of the Dungeon)

   It causes projectiles fired from it to burn those they strike, causing extra
   injury to most foes and up to half again as much damage against particularly
   susceptible opponents.
   It affects your strength (+4).
   It affects your intelligence (+5).
   It protects you from fire.
 f - the +11 falchion of the Endless Expanse {slice, rC+, Great Alexander}
   (You found it on level 4 of the Dungeon)

   It inflicts extra damage upon your enemies.
   It protects you from cold.
 g - the +5 great sword of the New World {speed, rPois rC+ Int-2}
   (Okawaru gifted it to you on level 1 of the Shoals)

   Attacks with this weapon are significantly faster.
   It affects your intelligence (-2).
   It protects you from cold.
   It protects you from poison.
 p - the +7 captain's cutlass {speed, disarm}
   (You took it off a deep elf annihilator on level 4 of the Depths)

   Attacks with this weapon are significantly faster.
 O - the +4 arbalest of Cotousugg {elec, rPois rC+}
   (You found it on level 3 of the Crypt)

   It charges the ammunition it shoots with electricity; occasionally upon a
   hit, such missiles may discharge and cause terrible harm.
   It protects you from cold.
   It protects you from poison.
 Q - a +1 blowgun
 V - a +9 triple sword of flaming (weapon)
Missiles
 e - 4 tomahawks of dispersal
 u - 14 curare-tipped needles
 C - 27 javelins of penetration
 S - a throwing net (quivered)
Armour
 b - the +2 cloak of the Thief (worn) {+Fog Slay-2 SInv Stlth+}
   (You bought it in a shop on level 1 of the Shoals)

   It affects your accuracy and damage with ranged weapons and melee attacks
   (-2).
   It lets you see invisible.
   It makes you more stealthy.
 D - the +2 helmet of Tartarus (worn) {rC+ rN+ Str+2 Stlth+}
   (Okawaru gifted it to you on level 10 of the Dungeon)

   It affects your strength (+2).
   It protects you from cold.
   It protects you from negative energy.
   It makes you more stealthy.
 E - the +2 pair of boots of the Assassin (worn) {Detection Stab+ Stlth++}
   (You bought it in a shop on level 3 of the Depths)

   It makes you much more stealthy.
 G - the +2 plate armour of the Thirteen Demons (worn) {rElec rF+}
   (You found it in an ice cave)

   It protects you from fire.
   It insulates you from electricity.
 L - a +2 troll leather armour
 Z - the +1 pair of gloves of Fun (worn) {+Inv Regen+ Int+2}
   (You bought it in a shop on level 3 of the Depths)

   It affects your intelligence (+2).
   It lets you turn invisible.
   It increases your rate of regeneration.
Jewellery
 w - the ring "Coridaj" (right hand) {rPois rF+++ MP+9 Str+2 Dex-3}
   (You took it off a deep elf demonologist on level 3 of the Elven Halls)

   [ring of magical power]

   It affects your strength (+2).
   It affects your dexterity (-3).
   It renders you almost immune to fire.
   It protects you from poison.
   It affects your magic capacity (+9).
 K - the ring "Xoshrir" {-Tele MR++ Int+2 Dex+2 Stlth+}
   (You took it off a deep elf mage on level 3 of the Elven Halls)

   [ring of intelligence]

   It affects your intelligence (+2).
   It affects your dexterity (+2).
   It affects your resistance to hostile enchantments.
   It prevents most forms of teleportation.
   It makes you more stealthy.
 R - the ring "Jenigh" (left hand) {rC+ rN+ Slay+3}
   (You found it on level 5 of the Vaults)

   [ring of protection from cold]

   It affects your accuracy and damage with ranged weapons and melee attacks
   (+3).
   It protects you from cold.
   It protects you from negative energy.
 W - the brooch of Shielding (around neck) {Reflect SH+8}
   (You found it on level 6 of the Lair of Beasts)

   [amulet of reflection]

   It shields you and reflects attacks.
   It affects your SH (+8).
 X - the ring of the Greedy {Ice Str+5}
   (You took it off a red devil on level 6 of the Lair of Beasts)

   [ring of ice]

   It enhances your ice magic.
   It affects your strength (+5).
   It makes you vulnerable to fire.
   It protects you from cold.
 Y - the ring "Ututir" {+Fly rPois Stlth+}
   (You found it on level 5 of the Vaults)

   [ring of flight]

   It protects you from poison.
   It lets you fly.
   It makes you more stealthy.
Wands
 h - a wand of paralysis (14/24)
 o - a wand of scattershot (4/9)
 y - a wand of acid (9/15)
 A - a wand of paralysis (18/24)
 M - a wand of acid (9/15)
 N - a wand of iceblast (6/15)
 U - a wand of digging (1/24)
Scrolls
 c - a scroll of enchant armour
 d - 5 scrolls of blinking
 i - 5 scrolls of recharging
 j - a scroll of silence
 k - 22 scrolls of remove curse
 m - 3 scrolls of vulnerability
 q - 3 scrolls of immolation
 t - 7 scrolls of noise
 v - 2 scrolls of fear
 x - 14 scrolls of teleportation
 B - 6 scrolls of fog
 F - 4 scrolls of amnesia
 J - 5 scrolls of magic mapping
 P - 3 scrolls of identify
Books
 l - a manual of Short Blades
 n - the Reference Book on Sinister Magic
   (You found it on level 3 of the Crypt)

   Spells                             Type                      Level
   a - Animate Skeleton               Necromancy                   1
   b - Corpse Rot                     Necromancy                   2
   c - Sublimation of Blood           Necromancy                   2
   d - Simulacrum                     Ice/Necromancy               6
   e - Death Channel                  Necromancy                   6
   f - Infestation                    Necromancy                   8
 H - a manual of Bows
Miscellaneous
 r - a lamp of fire
 s - 3 boxes of beasts
 z - a phial of floods
 I - 2 phantom mirrors
 T - 4 sacks of spiders


   Skills:
 - Level 22.0(27) Fighting
 - Level 22.0(27) Long Blades
   Level 1.9(6.9) Polearms
 - Level 0.7(5.7) Throwing
 - Level 16.0(21.0) Armour
 - Level 14.3(19.3) Dodging
 + Level 13.1 Spellcasting
 * Level 9.6 Necromancy
 - Level 10.1 Translocations
 - Level 12.3 Invocations
 * Level 7.9 Evocations


You had 13 spell levels left.
You knew the following spells:

 Your Spells              Type           Power        Failure   Level  Hunger
a - Blink                 Tloc           N/A          1%          2    N/A
b - Passage of Golubria   Tloc           N/A          5%          4    N/A
c - Lesser Beckoning      Tloc           ######....   1%          3    N/A
d - Swiftness             Chrm/Air       ###.....     50%         2    N/A
e - Lee's Rapid Deconstr  Erth           ###.......   100%        5    N/A
f - Passwall              Tmut/Erth      ###.......   50%         2    N/A
g - Deflect Missiles      Chrm/Air       ###.......   100%        6    N/A
h - Apportation           Tloc           ######       1%          1    N/A
i - Infestation           Necr           #######...   100%        8    N/A
j - Silence               Hex/Air        ###.......   100%        5    N/A

Dungeon Overview and Level Annotations

Branches:
Dungeon (15/15)            Temple (0/1) D:6            Lair (6/6) D:9
 Shoals (4/4) Lair:2       Spider (4/4) Lair:2        Slime (0/5) Lair:6
    Orc (2/2) D:12            Elf (3/3) Orc:2        Vaults (5/5) D:14
  Crypt (3/3) Vaults:3       Tomb (3/3) Crypt:3      Depths (5/5) D:15
    Zot (0/5) Depths:5

Altars:
Dithmenos
Makhleb
Nemelex Xobeh
Okawaru
Ru
Sif Muna
Uskayaw
Vehumet
The Shining One
Jiyva

Shops:
D:7 %   D:10 [   D:14 ?*   Orc:2 (=[*   Shoals:1 [   Vaults:2 ?
Vaults:4 !!%(!   Depths:2 }=}   Depths:3 [[

Portals:
Hell: Lair:6 Depths:1 Depths:3 Depths:4 Depths:5
Abyss: Depths:1 Depths:4
Pandemonium: Depths:3
Ziggurat: Depths:2
Trove: Depths:2 (show slimy rune of Zot)

Annotations:
D:12 Josephine; Tungsten's ghost, journeyman OgEE
Spider:3 Arachne
Elf:2 3 runed doors, Saint Roka
Elf:3 Louise


Innate Abilities, Weirdness & Mutations

You do not eat or drink.
Your flesh is vulnerable to fire.
You are immune to poison.
Your flesh is cold resistant. (rC+)
You are immune to negative energy. (rN+++)
You are immune to unholy pain and torment.
You can survive without breathing.
You are strongly in touch with the powers of death.


Message History

Unknown command.
Unknown command.
You slice the bennu!!
The bennu blazes out!
The pyre of ghostly fire engulfs you! You resist.
The pyre of ghostly fire engulfs the bennu.
The bennu completely resists.
Okawaru accepts your kill.
The bennu, emptied of spiritual energy, fades out from this realm.
Unknown command.
Unknown command.
Unknown command.
Your plate armour of the Thirteen Demons prevents you from hitting the bennu.
The bennu is heavily wounded.
The bennu pecks you!
* * * LOW HITPOINT WARNING * * *
The bennu sears you!!
* * * LOW HITPOINT WARNING * * *
The bennu closely misses you. The bennu claws you!
You die...

.............#.....#
.............#.....#
.............#..^^.#
.............###'###
.............#...^.#
........(....#.....#
####'#########^...^#
#...^^.#.......^^..#
#^.....#........@..#
'^.....#......^.b..#
#......#>..........#
####################


You could see a bennu.

Vanquished Creatures
  A juggernaut (Depths:2)
  2 ancient liches
  Boris (Tomb:1)
  Frederick (Crypt:3)
  20 greater mummies
  Bai Suzhen (Depths:1)
  Xtahua (Depths:4)
  5 caustic shrikes (Depths:5)
  5 golden dragons
  Jory (Depths:4)
  Jorgrun (Elf:1)
  4 tentacled monstrosities
  4 liches
  A deep elf master archer (Elf:3)
  2 deep elf blademasters (Elf:3)
  13 sphinxes
  5 titans
  A kraken (Shoals:2)
  9 shadow dragons
  Frances (Shoals:2)
  4 ancient champions
  4 storm dragons
  11 tengu reavers
  4 draconian monks (Depths:5)
  Ilsuiw (Shoals:4)
  10 revenants
  3 orc warlords
  6 frost giants
  An iron dragon (Vaults:5)
  6 fire giants
  6 deep elf sorcerers
  25 vault wardens
  A balrug (Depths:1)
  5 ghost moths
  4 emperor scorpions
  3 deep elf elementalists (Elf:3)
  A draconian stormcaller (Depths:5)
  A curse skull (Vaults:3)
  2 spriggan defenders (Depths:2)
  14 ironheart preservers
  The ghost of sergedm the Sorcerer, an adept DECj of Vehumet (Shoals:4)
  6 ghouls
  2 draconian annihilators (Depths:5)
  19 very ugly things
  A war gargoyle (Vaults:5)
  28 stone giants
  3 entropy weavers
  6 black draconians (Depths:5)
  The ghost of tidbits the Fighter, a journeyman DgWn (Orc:2)
  4 green draconians (Depths:5)
  An entropy weaver (shapeshifter) (Elf:1)
  12 bennus
  7 deep elf demonologists
  3 spectral titans (Crypt:3)
  6 deep elf annihilators
  4 vampire knights
  3 merfolk javelineers (Shoals:4)
  6 spark wasps
  5 purple draconians (Depths:5)
  10 eidola
  3 red draconians (Depths:5)
  3 spectral quicksilver dragons (Crypt:3)
  3 white draconians (Depths:5)
  9 deep elf death magi
  A small abomination (Vaults:5)
  11 ettins
  7 jiangshi
  5 great orbs of eyes
  2 crystal guardians
  4 fire dragons
  13 mummy priests
  23 yaktaur captains
  10 merfolk impalers
  5 deep elf high priests
  10 ice dragons
  5 rakshasas
  A hell beast (Lair:6)
  2 hydras
  35 vault guards
  A catoblepas (D:13)
  2 merfolk avatars (Shoals:1)
  A spriggan air mage (Depths:2)
  A spectral fire giant (Crypt:3)
  2 merfolk aquamancers
  A catoblepas (shapeshifter) (Depths:3)
  2 large abominations (Elf:3)
  43 two-headed ogres
  An alligator snapping turtle (Shoals:4)
  4 dancing weapons
  2 satyrs
  22 ogre magi
  5 death knights
  14 centaur warriors
  2 death yaks
  4 death scarabs (Tomb:1)
  8 tengu warriors
  11 deep troll earth magi
  A spectral stone giant (Crypt:3)
  2 spectral storm dragons (Crypt:3)
  9 deep troll shamans
  10 vampire magi
  4 orc high priests
  A spriggan berserker (Depths:2)
  2 sun demons (Depths:1)
  17 deep elf knights
  A storm dragon zombie (Vaults:1)
  A soul eater (Crypt:2)
  A titan skeleton (Crypt:3)
  5 shadow wraiths
  10 sea snakes
  A salamander mystic (Depths:3)
  20 skeletal warriors
  13 hell knights
  7 iron trolls
  2 spectral anacondas (Crypt:3)
  A death drake (shapeshifter) (Vaults:5)
  7 flayed ghosts
  2 wizards
  3 unseen horrors
  4 glowing orange brains
  A golden dragon zombie (Depths:2)
  An anaconda zombie (Crypt:1)
  28 deep trolls
  A spectral hydra (Crypt:3)
  2 glowing orange brains (shapeshifter)
  An unseen horror (shapeshifter) (D:15)
  23 orc knights
  2 anaconda skeletons
  19 harpies
  14 phantasmal warriors
  A lindwurm (shapeshifter) (Depths:2)
  24 ironbrand convokers
  A lindwurm (Depths:5)
  9 deep elf archers
  25 orb spiders
  A frost giant zombie (Depths:2)
  A wolf spider zombie (D:15)
  20 wolf spiders
  40 deep elf magi
  8 orc sorcerers
  13 necromancers
  7 salamanders
  A spectral ice dragon (Crypt:3)
  2 shadow dragon skeletons
  12 fauns
  15 manticores
  An elephant (shapeshifter) (Depths:1)
  9 cyclopes
  20 ugly things
  A cyclops (shapeshifter) (D:15)
  A stone giant skeleton (Crypt:3)
  Maurice (Orc:2)
  4 moths of wrath
  3 water nymphs
  6 black mambas
  12 merfolk sirens
  14 elephants
  A water nymph (shapeshifter) (Vaults:1)
  13 vault sentinels
  An ice statue (IceCv)
  A frost giant skeleton (Crypt:1)
  An eye of devastation (shapeshifter) (Vaults:5)
  Joseph (D:7)
  3 gargoyles
  An orange demon (Lair:6)
  A spiny frog (shapeshifter) (Vaults:2)
  A titan simulacrum (Crypt:3)
  6 spiny frogs
  4 torpor snails
  5 spectral swamp worms (Depths:4)
  2 komodo dragons (shapeshifter)
  A pale draconian zombie (Crypt:1)
  18 freezing wraiths
  A rime drake (shapeshifter) (Vaults:3)
  2 komodo dragons
  4 rime drakes
  70 yaktaurs
  11 demonic crawlers
  2 efreet (D:15)
  A hellwing (Lair:6)
  An anaconda simulacrum (Crypt:3)
  19 guardian mummies
  A red devil (Lair:6)
  A green draconian skeleton (Crypt:1)
  A golden dragon simulacrum (Crypt:3)
  3 ice devils (Lair:6)
  27 merfolk
  A sea snake skeleton (Crypt:3)
  A shadow dragon simulacrum (Depths:2)
  5 tengu conjurers
  11 trolls
  13 polar bears
  A merfolk (shapeshifter) (Elf:3)
  4 wind drakes
  Prince Ribbit (D:8)
  2 jumping spiders (shapeshifter)
  A sphinx simulacrum (Vaults:2)
  48 jumping spiders
  13 hornets
  20 slime creatures
  2 bog bodies
  A raiju (shapeshifter) (Vaults:5)
  18 blink frogs
  6 dream sheep (Lair:5)
  18 hippogriffs
  6 snapping turtles
  3 ettin zombies
  A hippogriff (shapeshifter) (Vaults:2)
  A dream sheep (shapeshifter) (Depths:1)
  A stone giant simulacrum (Crypt:1)
  2 iron dragon simulacra
  2 frost giant simulacra
  A hydra skeleton (Tomb:1)
  A spectral swamp dragon (Crypt:3)
  78 redbacks
  3 wraiths
  2 air elementals
  24 tarantellas
  2 fire giant simulacra
  8 shadows
  Eustachio (D:4)
  A wyvern (Vaults:1)
  46 yaks
  12 flying skulls
  A vampire (D:13)
  12 ushabtiu
  3 spriggans
  3 fire elementals
  11 water elementals
  A human (shapeshifter) (Depths:4)
  13 humans (D:14)
  A hungry ghost (D:6)
  A basilisk (Lair:6)
  Grum (D:8)
  A golden eye (shapeshifter) (Depths:1)
  Edmund (D:5)
  Menkaure (D:5)
  4 vampire mosquitoes (D:10)
  10 wargs
  A spectral spiny frog (Crypt:3)
  2 soldier ants
  An acid dragon (Vaults:1)
  17 water moccasins
  7 hell hounds
  2 merfolk skeletons
  6 porcupines
  A black bear (Lair:2)
  7 hydra simulacra (Depths:2)
  A monstrous demonspawn skeleton (Crypt:3)
  2 ice beasts
  An orb spider zombie (Crypt:2)
  58 orc warriors
  A spiny frog skeleton (Crypt:1)
  2 swamp drakes (Depths:5)
  53 ogres
  2 necrophages
  2 ettin simulacra
  An eye of draining (D:13)
  5 boggarts
  10 centaurs
  27 wolves
  9 crocodiles
  A snapping turtle skeleton (Crypt:2)
  A spectral human (Crypt:3)
  Blork the orc (D:4)
  A big kobold (D:12)
  9 bullfrogs
  An earth elemental (Elf:3)
  A wyvern zombie (D:13)
  A draconian skeleton (Crypt:3)
  4 killer bees (D:8)
  A cyclops skeleton (Crypt:1)
  2 scorpions
  A polar bear zombie (Crypt:2)
  9 wights
  A raiju skeleton (Crypt:2)
  A wolf skeleton (Crypt:1)
  A centaur zombie (D:6)
  6 crimson imps
  A bullfrog zombie (D:12)
  A quasit (D:15)
  5 centaur skeletons
  A human zombie (Crypt:3)
  3 bullfrog skeletons
  5 hounds
  2 jellies
  36 orc priests
  4 iguanas
  A soldier ant zombie (Crypt:3)
  A demonspawn skeleton (Crypt:2)
  29 orc wizards
  7 worker ants
  A killer bee zombie (Crypt:1)
  A tengu skeleton (Tomb:2)
  A hound skeleton (D:8)
  A hound zombie (D:6)
  A howler monkey zombie (Crypt:3)
  2 howler monkey skeletons
  33 mummies
  4 gnolls (D:6)
  16 adders
  3 shadow imps
  A white imp (Vaults:1)
  An ufetubus (Vaults:2)
  2 oozes
  An adder skeleton (D:4)
  6 worms
  A dart slug (D:2)
  2 leopard geckos
  124 orcs
  5 giant cockroaches
  7 goblins
  5 hobgoblins
  6 jackals
  2 quokkas (D:5)
  A ball python (D:5)
  A ball python zombie (Crypt:3)
  9 bats
  4 frilled lizards
  A jackal zombie (D:5)
  5 kobolds
  A kobold skeleton (Crypt:3)
  2 orc skeletons
  2 quokka skeletons
  2 quokka zombies
  8 rats
  A fungus (Lair:4)
  A plant (Lair:4)
  4 tentacles (Shoals:2)
2318 creatures vanquished.

Vanquished Creatures (collateral kills)
  A centaur warrior (D:14)
  A vault sentinel (Vaults:4)
  3 humans
5 creatures vanquished.

Vanquished Creatures (others)
  A fire giant (Vaults:5)
  A merfolk javelineer (Shoals:4)
  A great orb of eyes (Depths:1)
  A merfolk aquamancer (Shoals:2)
  A vampire mage (Depths:1)
  A deep elf archer (Vaults:1)
  An orb spider (Spider:3)
  An ugly thing (Depths:5)
  A frost giant zombie (Tomb:2)
  A yaktaur (Depths:3)
  A water elemental (Depths:2)
  A boggart (Depths:3)
  A mummy (Tomb:2)
  13 fungi
  11 plants
  4 tentacles (Shoals:2)
41 creatures vanquished.

Grand Total: 2364 creatures vanquished

Notes
Turn   | Place    | Note
-------+----------+-------------------------------------------
     0 | D:1      | 4thArraOfDagon the Mummy Warper began the quest for the Orb.
     0 | D:1      | Reached XP level 1. HP: 16/16 MP: 4/4
    18 | D:1      | Reached skill level 1 in Armour
   107 | D:4      | Found an iron altar of Okawaru.
   113 | D:4      | Became a worshipper of Warmaster Okawaru
   115 | D:4      | Got a faintly glowing falchion
   116 | D:4      | Identified the +11 falchion of the Endless Expanse {slice, rC+} (You found it on level 4 of the Dungeon)
   136 | D:3      | Reached XP level 2. HP: 7/22 MP: 5/5
   165 | D:3      | Found a shadowy altar of Dithmenos.
   486 | D:3      | Reached skill level 1 in Long Blades
   547 | D:3      | Reached XP level 3. HP: 27/27 MP: 7/7
  1155 | D:2      | Reached skill level 1 in Invocations
  1155 | D:2      | Reached XP level 4. HP: 33/33 MP: 8/8
  1182 | D:2      | Learned a level 2 spell: Blink
  1187 | D:2      | Learned a level 4 spell: Passage of Golubria
  1258 | D:2      | Found a hide-covered altar of Uskayaw.
  1589 | D:4      | Noticed an ogre
  1651 | D:4      | Reached XP level 5. HP: 38/38 MP: 9/9
  1653 | D:4      | HP: 1/38 [orc wizard/puff of flame (12)]
  2009 | D:4      | Noticed Blork the orc
  2010 | D:4      | Noticed an ogre
  2024 | D:5      | Entered Level 5 of the Dungeon
  2114 | D:5      | Noticed Menkaure
  2135 | D:5      | Killed Menkaure
  2135 | D:5      | Reached * piety under Okawaru
  2135 | D:5      | Reached XP level 6. HP: 44/44 MP: 10/10
  2160 | D:5      | Noticed Edmund
  2180 | D:5      | Killed Edmund
  2183 | D:5      | Reached XP level 7. HP: 27/50 MP: 9/12
  2362 | D:4      | Reached ** piety under Okawaru
  2369 | D:4      | Killed Blork the orc
  2546 | D:4      | Noticed Eustachio
  2557 | D:4      | Killed Eustachio
  2557 | D:4      | Reached skill level 5 in Long Blades
  2557 | D:4      | Reached XP level 8. HP: 36/56 MP: 12/14
  3395 | D:6      | Reached skill level 5 in Spellcasting
  3408 | D:6      | Reached *** piety under Okawaru
  3464 | D:6      | Learned a level 3 spell: Lesser Beckoning
  3544 | D:6      | Found a staircase to the Ecumenical Temple.
  3633 | D:6      | Reached XP level 9. HP: 45/61 MP: 15/17
  3787 | D:7      | Noticed Joseph
  3802 | D:7      | Killed Joseph
  3841 | D:7      | Found Diohoqud's Food Shop.
  4008 | D:7      | Reached **** piety under Okawaru
  4211 | D:8      | Found a sacrificial altar of Ru.
  4375 | D:8      | Noticed a two-headed ogre
  4581 | D:7      | Received a gift from Okawaru
  4581 | D:7      | Reached skill level 5 in Invocations
  4649 | D:8      | Noticed Grum
  4661 | D:8      | Killed Grum
  4669 | D:8      | Reached XP level 10. HP: 64/70 MP: 19/19
  4774 | D:8      | Noticed a two-headed ogre
  4777 | D:8      | Noticed Prince Ribbit
  4778 | D:8      | Vidiiot: What is Great Alexander? :p
  4880 | D:8      | 4thArraOfDagon: aka Sword of Endless Expansion
  4880 | D:8      | 4thArraOfDagon: :)
  4880 | D:8      | Vidiiot: Haha
  4881 | D:8      | Vidiiot: Nice ;P
  4952 | D:8      | 4thArraOfDagon: yea
  4952 | D:8      | 4thArraOfDagon: apparently I cant win anything if I won't get OP item right off the start
  4952 | D:8      | 4thArraOfDagon: that was like gift from heavens
  4952 | D:8      | 4thArraOfDagon: next to Oka altar!
  5016 | D:8      | Killed Prince Ribbit
  5100 | D:9      | Vidiiot: Hahaha
  5111 | D:9      | Vidiiot: Thanks Oka
  5627 | D:9      | Killed a two-headed ogre
  5627 | D:9      | Reached skill level 5 in Dodging
  5627 | D:9      | Reached skill level 5 in Translocations
  6002 | D:9      | Noticed a two-headed ogre
  6013 | D:9      | Killed a two-headed ogre
  6013 | D:9      | Reached ***** piety under Okawaru
  6045 | D:9      | Reached XP level 11. HP: 71/78 MP: 22/22
  6052 | D:9      | Found a staircase to the Lair.
  6088 | D:10     | Entered Level 10 of the Dungeon
  6089 | D:10     | Noticed a two-headed ogre
  6098 | D:10     | Noticed a two-headed ogre
  6114 | D:10     | Killed a two-headed ogre
  6117 | D:10     | Killed a two-headed ogre
  6117 | D:10     | Reached skill level 5 in Armour
  6247 | D:10     | Noticed a two-headed ogre
  6254 | D:10     | Killed a two-headed ogre
  6254 | D:10     | Received a gift from Okawaru
  6255 | D:10     | Got a polished helmet {god gift}
  6261 | D:10     | Identified the +2 helmet of Tartarus {rC+ rN+ Str+2 Stlth+} (Okawaru gifted it to you on level 10 of the Dungeon)
  6352 | D:10     | Found Liyf's Armour Boutique.
  6448 | D:10     | Got a polished scale mail
  6459 | D:10     | Identified the +1 scale mail "Gimo" {MR+} (You found it on level 10 of the Dungeon)
  6646 | D:11     | Reached skill level 5 in Fighting
  6677 | D:11     | Noticed a two-headed ogre
  6686 | D:11     | Killed a two-headed ogre
  6711 | D:11     | Noticed a two-headed ogre
  6727 | D:11     | Killed a two-headed ogre
  6733 | D:11     | Found a frozen archway.
  6751 | IceCv    | Entered an ice cave
  7029 | IceCv    | Noticed a death yak
  7053 | IceCv    | Killed a death yak
  7053 | IceCv    | Reached XP level 12. HP: 81/87 MP: 22/24
  7419 | IceCv    | Noticed a frost giant
  7479 | IceCv    | Killed a frost giant
  7518 | IceCv    | Got a brightly glowing plate armour
  7552 | IceCv    | Identified the +2 plate armour of the Thirteen Demons {rElec rF+} (You found it in an ice cave)
  7973 | D:12     | Found a staircase to the Orcish Mines.
  8015 | D:12     | Noticed a four-headed hydra
  8058 | D:12     | Identified the +3 plate armour of the Slorg {Str+2} (You found it on level 12 of the Dungeon)
  8107 | D:12     | Noticed Josephine
  8134 | D:13     | Noticed a catoblepas
  8251 | D:12     | Noticed Tungsten's ghost (journeyman OgEE)
  8456 | Orc:1    | Entered Level 1 of the Orcish Mines
  8483 | Orc:1    | Received a gift from Okawaru
  8565 | Orc:1    | Noticed an orc high priest
  8768 | D:13     | Noticed a centaur warrior
  8792 | D:13     | Killed a centaur warrior
  8825 | D:13     | Reached skill level 10 in Long Blades
  8942 | D:13     | Noticed a tengu warrior
  8978 | D:13     | Killed a tengu warrior
  9118 | D:15     | Entered Level 15 of the Dungeon
  9244 | D:14     | Gained mutation: You are in touch with the powers of death. [Mummy growth]
  9244 | D:14     | Reached XP level 13. HP: 89/96 MP: 22/25
  9800 | D:14     | Found Casse's General Store.
  9874 | D:14     | Learned a level 2 spell: Swiftness
  9878 | D:14     | Bought a scroll of identify for 32 gold pieces
  9923 | D:14     | Received a gift from Okawaru
  9924 | D:14     | Got a wizard robe {god gift}
  9926 | D:14     | Found Dankeipp's Magic Scroll Emporium.
  9943 | D:14     | Bought a scroll of blinking for 120 gold pieces
  9943 | D:14     | Bought a scroll of brand weapon for 320 gold pieces
  9943 | D:14     | Bought a scroll of teleportation for 48 gold pieces
  9943 | D:14     | Bought a scroll of enchant weapon for 120 gold pieces
  9943 | D:14     | Bought a scroll of fear for 56 gold pieces
  9944 | D:14     | Found a gate to the Vaults.
  9959 | D:13     | Identified the +4 robe of the Barracuda {Slay+5} (Okawaru gifted it to you on level 14 of the Dungeon)
 10143 | D:15     | Found a radiant altar of Vehumet.
 10171 | D:15     | Vidiiot: Nice robe.
 10530 | D:15     | Noticed a fire dragon
 11111 | Orc:2    | Entered Level 2 of the Orcish Mines
 11112 | Orc:2    | Noticed an ettin
 11122 | Orc:2    | Killed an ettin
 11145 | Orc:2    | Found a staircase to the Elven Halls.
 11187 | Orc:2    | Noticed tidbits's ghost (journeyman DgWn)
 11377 | Orc:2    | Noticed Maurice
 11408 | Orc:2    | Killed Maurice
 11484 | Orc:2    | Killed tidbits's ghost
 11875 | Orc:2    | Reached XP level 14. HP: 103/103 MP: 26/26
 12135 | Orc:2    | Noticed an orc warlord
 12255 | Orc:2    | Killed an orc warlord
 12311 | Orc:2    | Found Disair's Antique Armour Emporium.
 12312 | Orc:2    | Found Niev's Antique Weapon Shoppe.
 12313 | Orc:2    | Found Moehoido's General Store.
 12313 | Orc:2    | Found Qonor's Jewellery Emporium.
 12518 | Lair:1   | Entered Level 1 of the Lair of Beasts
 12559 | Lair:1   | Reached skill level 10 in Armour
 13092 | Lair:6   | Entered Level 6 of the Lair of Beasts
 13109 | Lair:6   | Found a glowing golden altar of the Shining One.
 13120 | Lair:6   | Upgraded the game from 0.21-a0-241-g2cbab09 to 0.21-a0-243-g597973d
 13179 | Lair:6   | Received a gift from Okawaru
 13612 | Lair:5   | Thaneod: czemu zakladasz scroll of blinking jako bron?
 13636 | Lair:4   | Learned a level 5 spell: Lee's Rapid Deconstruction
 13636 | Lair:4   | Thaneod: P.S. wygralem drugi raz(4 runy)
 13639 | Lair:4   | Learned a level 2 spell: Passwall
 13639 | Lair:4   | 4thArraOfDagon: ooo
 13639 | Lair:4   | 4thArraOfDagon: abyss i 3 lair?
 13639 | Lair:4   | Thaneod: 3 lair + vault
 13639 | Lair:4   | 4thArraOfDagon: nice:)
 13639 | Lair:4   | 4thArraOfDagon: w sumie abyss jest latwiejsze od vault wiec mogles miec 5 :)
 13639 | Lair:4   | 4thArraOfDagon: a jak ci poszlo z zelkami?
 13639 | Lair:4   | Thaneod: tylko dwie mutacje dostalem
 13639 | Lair:4   | Thaneod: w sumie latwo, jak sie wpierdoli wszystkie butelki
 13639 | Lair:4   | 4thArraOfDagon: no
 13639 | Lair:4   | Thaneod: might + haste + res + agile
 13639 | Lair:4   | 4thArraOfDagon: no, takie combo to niszczy wszystko
 13639 | Lair:4   | 4thArraOfDagon: o ile masz te butelki
 13639 | Lair:4   | Thaneod: taa
 13639 | Lair:4   | 4thArraOfDagon: a z tym scrollem w rece
 13639 | Lair:4   | 4thArraOfDagon: to jest tak
 13639 | Lair:4   | Thaneod: a w nowym patchu schodziles do tombow?
 13639 | Lair:4   | 4thArraOfDagon: regeneracja zycia jest zalezna od tur w grze ( obok time pisze w nawiasie wartosc)
 13639 | Lair:4   | 4thArraOfDagon: wiec jesli wykonasz akcje za 1.5 tury to zregeneruje Ci 50% wiecej zycia
 13639 | Lair:4   | Thaneod: im szybciej tym wiecej zycia?
 13639 | Lair:4   | 4thArraOfDagon: tak generalnie to niema znaczenia w grze
 13639 | Lair:4   | 4thArraOfDagon: ale
 13639 | Lair:4   | 4thArraOfDagon: oszczedza tury
 13639 | Lair:4   | 4thArraOfDagon: wiec lepszy score :)
 13639 | Lair:4   | 4thArraOfDagon: jesli niedbasz o score to niema co tak robic
 13639 | Lair:4   | 4thArraOfDagon: machanie scrollem to 1.5 tury
 13639 | Lair:4   | 4thArraOfDagon: schdzilem do tomb
 13639 | Lair:4   | Thaneod: masakra jakas?
 13639 | Lair:4   | 4thArraOfDagon: jest w ciul trudno teraz
 13639 | Lair:4   | 4thArraOfDagon: noo, masakra
 13639 | Lair:4   | 4thArraOfDagon: trzeba wykonywac tricki z polamaniem karku zeby tam cos ugrac
 13639 | Lair:4   | 4thArraOfDagon: ale tylko Tomb:3
 13639 | Lair:4   | Thaneod: znaczy przezyc?
 13639 | Lair:4   | 4thArraOfDagon: no, przezyc, zdobyc loot i rune
 13639 | Lair:4   | Thaneod: rn i mr na maxa pewnie
 13639 | Lair:4   | 4thArraOfDagon: akurat rn+++ to podstawa
 13639 | Lair:4   | 4thArraOfDagon: mr w sumie niewazne
 13639 | Lair:4   | 4thArraOfDagon: ale duzo scrollow teleportacji i blink
 13639 | Lair:4   | 4thArraOfDagon: lub czar controlled blink
 13639 | Lair:4   | 4thArraOfDagon: niepotrafie sobie wyobrazic innej taktyki
 13639 | Lair:4   | p0werm0de: what language is that if i may ask
 13639 | Lair:4   | p0werm0de: pol czech
 13639 | Lair:4   | p0werm0de: ?
 13639 | Lair:4   | Thaneod: :)
 13639 | Lair:4   | 4thArraOfDagon: o hi, didnt notice you here :)
 13639 | Lair:4   | p0werm0de: hi i just joined
 13639 | Lair:4   | Thaneod: propably pol:)
 13639 | Lair:4   | Thaneod: I had only 6 scroll of tele only
 13639 | Lair:4   | 4thArraOfDagon: that is only tru slavic language! :) ( Polish ofc)
 13639 | Lair:4   | Thaneod: so even with rn, and mr maxed, I didn't go there
 13639 | Lair:4   | p0werm0de: haha ok ;D
 13639 | Lair:4   | Thaneod: powermode tomb lvl 3 is hard?
 13639 | Lair:4   | 4thArraOfDagon: haha
 13667 | Lair:4   | p0werm0de: depends on char eh
 13693 | Lair:4   | p0werm0de: probably lvl 2 often more dangerous now
 13699 | Lair:4   | Thaneod: in recent patch I mean
 13727 | Lair:4   | p0werm0de: ye harde than before
 13755 | Lair:4   | p0werm0de: without statue/necromut rly hard
 13755 | Lair:4   | 4thArraOfDagon: tomb is either: unbearable or trivial with certain combos/items
 13883 | Lair:4   | p0werm0de: i killed ya ghost on W2. it was really shitty there was mara too and xxx mummies
 13889 | Lair:4   | Thaneod: Mibe?
 13902 | Lair:3   | p0werm0de: and then died to mara
 13926 | Lair:3   | p0werm0de: like 10x tele scroll didnt bring me to outer rim ;D
 13962 | Lair:2   | p0werm0de: and char was weak like xl 21
 13978 | Lair:2   | Thaneod: bad combo luck
 14003 | Lair:2   | Found a staircase to the Shoals.
 14064 | Lair:2   | p0werm0de: ye
 14109 | Lair:2   | 4thArraOfDagon: uhh
 14109 | Lair:2   | 4thArraOfDagon: Than you went into Tomb with Trog?
 14133 | Lair:3   | Thaneod: nope
 14179 | Lair:3   | 4thArraOfDagon: at least not THAT stupid :)
 14183 | Lair:3   | Thaneod: I didn't want to loss second win run
 14298 | Lair:4   | Thaneod: but at least I survived tomb lvl 1
 14298 | Lair:4   | 4thArraOfDagon: yeah, slowly approaching towards all rune win, you should get it, progressing very good :)
 14360 | Lair:5   | Thaneod: just crap weapon
 14418 | Lair:5   | Thaneod: so no way to get extended
 14511 | Lair:5   | Identified the Almanac of the Battered Wishes
 14522 | Lair:5   | Found the +8 whip "Snakebite" {curare, rPois}
 14873 | Lair:6   | Found the brooch of Shielding {Reflect SH+8}
 14986 | Lair:6   | Found a burning altar of Makhleb.
 15030 | Lair:6   | Reached XP level 15. HP: 77/108 MP: 27/27
 15147 | Lair:6   | Got a bound bronze ring
 15148 | Lair:6   | Found a gateway to Hell.
 15160 | Lair:6   | Identified the ring of the Greedy {Ice Str+5} (You took it off a red devil on level 6 of the Lair of Beasts)
 15231 | Lair:6   | Found a viscous altar of Jiyva.
 15233 | Lair:6   | Found a staircase to the Slime Pits.
 15240 | Lair:6   | Identified a scroll of acquirement
 15243 | Lair:6   | Got a translucent golden amulet
 15245 | Lair:6   | Identified the amulet "Eneig" {Spirit *Drain Dex+4} (You acquired it on level 6 of the Lair of Beasts)
 15591 | D:9      | Received a gift from Okawaru
 15592 | D:9      | Got a faintly glowing longbow {god gift}
 15593 | D:9      | Identified the +2 longbow of the Salmon {flame, rF+ Str+4 Int+5} (Okawaru gifted it to you on level 9 of the Dungeon)
 15799 | Orc:2    | Bought an uncursed ring of protection from magic for 300 gold pieces
 15804 | Orc:2    | Bought a scroll of identify for 26 gold pieces
 15857 | Elf:1    | Entered Level 1 of the Elven Halls
 16044 | Elf:1    | Noticed a Tzitzimitl
 16057 | Elf:1    | Noticed a storm dragon
 16059 | Elf:1    | a storm dragon changed into an entropy weaver
 16269 | Elf:2    | Noticed Saint Roka
 16591 | Elf:2    | Noticed Jorgrun
 16622 | Elf:1    | Killed Jorgrun
 16812 | Elf:1    | Reached skill level 15 in Long Blades
 16933 | Elf:2    | Found a runed gate.
 16934 | Elf:2    | Found a runed gate.
 16935 | Elf:2    | Found a runed gate.
 17042 | Elf:2    | Noticed a deep elf sorcerer
 17054 | Elf:2    | Killed a deep elf sorcerer
 17096 | Elf:2    | Reached ****** piety under Okawaru
 17130 | Elf:2    | Received a gift from Okawaru
 17210 | Elf:3    | Entered Level 3 of the Elven Halls
 17527 | Elf:3    | Noticed a deep elf sorcerer
 17530 | Elf:3    | Killed a deep elf sorcerer
 17530 | Elf:3    | Reached XP level 16. HP: 115/115 MP: 20/28
 17979 | Elf:3    | Got a shimmering pewter ring
 17981 | Elf:3    | Identified the ring "Coridaj" {rPois rF+++ MP+9 Str+2 Dex-3} (You took it off a deep elf demonologist on level 3 of the Elven Halls)
 18007 | Elf:3    | Got a creamy pearl robe
 18112 | Elf:3    | Got a scintillating granite ring
 18113 | Elf:3    | Identified the ring of Zothroem {-Tele rElec rF- MR+ SInv} (You took it off a deep elf annihilator on level 3 of the Elven Halls)
 18369 | Elf:3    | Received a gift from Okawaru
 18371 | Elf:3    | Got a warped copper ring
 18372 | Elf:3    | Identified the ring "Xoshrir" {-Tele MR++ Int+2 Dex+2 Stlth+} (You took it off a deep elf mage on level 3 of the Elven Halls)
 18453 | Elf:3    | Identified the +7 lajatang of the Bouncing Queens {slice, rF+ Dex+3} (You took it off a deep elf demonologist on level 3 of the Elven Halls)
 18495 | Elf:3    | Identified the +1 robe "Culo" {+Fly} (You took it off a deep elf demonologist on level 3 of the Elven Halls)
 18765 | Elf:3    | Noticed a deep elf master archer
 18770 | Elf:3    | Noticed a deep elf blademaster
 18784 | Elf:3    | Killed a deep elf master archer
 18793 | Elf:3    | Killed a deep elf blademaster
 18798 | Elf:3    | Identified the Handbook of Assistive Translocation
 18806 | Elf:3    | Learned a level 6 spell: Deflect Missiles
 18890 | Elf:3    | Noticed a deep elf blademaster
 18911 | Elf:3    | Killed a deep elf blademaster
 19102 | Elf:3    | Thaneod: you will clear rest of lvl 3?
 19288 | Elf:3    | Noticed Louise
 19383 | Elf:3    | 4thArraOfDagon: no, louise here :(
 19394 | Elf:3    | 4thArraOfDagon: and no shops
 19394 | Elf:3    | 4thArraOfDagon: so not worth
 19970 | Shoals:1 | Entered Level 1 of the Shoals
 19987 | Shoals:1 | Found Eleceybe's Armour Emporium.
 20000 | Shoals:1 | Bought the +2 cloak of the Thief {+Fog Slay-2 SInv Stlth+} for 321 gold pieces
 20000 | Shoals:1 | Found the +2 cloak of the Thief {+Fog Slay-2 SInv Stlth+}
 20151 | Shoals:1 | Reached skill level 1 in Evocations
 20417 | Shoals:1 | Received a gift from Okawaru
 20418 | Shoals:1 | Got a crystal great sword {god gift}
 20419 | Shoals:1 | Identified the +5 great sword of the New World {speed, rPois rC+ Int-2} (Okawaru gifted it to you on level 1 of the Shoals)
 20672 | Shoals:2 | Thaneod: btw axe of electrocution will deal additional dmg to secondary target too?
 20816 | Shoals:2 | 4thArraOfDagon: to all, cleaving preserves ego
 20859 | Shoals:2 | Noticed Frances
 20879 | Shoals:2 | Killed Frances
 20879 | Shoals:2 | Reached XP level 17. HP: 84/127 MP: 29/29
 20942 | Shoals:2 | Thaneod: ok, ty
 21234 | Shoals:2 | Found a deep blue altar of Sif Muna.
 21239 | Shoals:2 | Noticed a kraken
 21254 | Shoals:2 | Killed a kraken
 21254 | Shoals:2 | Reached skill level 10 in Fighting
 21850 | Shoals:4 | Entered Level 4 of the Shoals
 21852 | Shoals:4 | Noticed Ilsuiw
 22000 | Shoals:4 | Reached skill level 5 in Evocations
 22009 | Shoals:4 | Received a gift from Okawaru
 22672 | Shoals:4 | Killed Ilsuiw
 22960 | Shoals:4 | Got a barnacled rune of Zot
 23179 | Shoals:4 | Noticed sergedm's ghost (adept DECj)
 23194 | Shoals:4 | Got a scorched chain mail
 23219 | Shoals:4 | Killed sergedm's ghost
 23292 | Shoals:4 | Found the sheer robe
 23477 | Shoals:4 | Reached skill level 10 in Dodging
 23536 | Shoals:3 | Identified the +1 chain mail of Valour {MR+ Int+5 Dex-2} (You found it on level 4 of the Shoals)
 24112 | Lair:2   | Found a hole to the Spider Nest.
 24126 | Spider:1 | Entered Level 1 of the Spider Nest
 24707 | Spider:2 | Reached XP level 18. HP: 125/138 MP: 30/30
 24850 | Spider:2 | Received a gift from Okawaru
 26055 | Spider:3 | Noticed Arachne
 26057 | Spider:4 | Entered Level 4 of the Spider Nest
 26077 | Spider:4 | Thaneod: gtg
 26081 | Spider:4 | Thaneod: papatki!
 26178 | Spider:4 | Identified the +7 chain mail of Waczug {rN+} (You found it on level 4 of the Spider Nest)
 26195 | Spider:4 | 4thArraOfDagon: bb
 26444 | Spider:4 | Received a gift from Okawaru
 27479 | Spider:4 | Got a gossamer rune of Zot
 28238 | Lair:1   | Upgraded the game from 0.21-a0-243-g597973d to 0.21-a0-251-g5e8393f
 28238 | Lair:1   | Thaneod: dobij do 27 glow
 28238 | Lair:1   | 4thArraOfDagon: :)
 28238 | Lair:1   | 4thArraOfDagon: musze uciekac
 28238 | Lair:1   | 4thArraOfDagon: bo mnie goni cos zielonego
 28245 | Lair:1   | Thaneod: oo
 28257 | Lair:1   | Thaneod: thaneoda zabiles
 28302 | Lair:1   | You fall through a shaft!
 28377 | D:9      | 4thArraOfDagon: w tej grze?
 28405 | D:9      | Thaneod: ta postacia
 28411 | D:9      | 4thArraOfDagon: niee
 28417 | D:9      | 4thArraOfDagon: teraz niewiem gdzie mam isc
 28417 | D:9      | 4thArraOfDagon: chyba do vaults
 28532 | D:13     | Received a gift from Okawaru
 28535 | D:13     | Thaneod: d15
 28538 | D:13     | Thaneod: i czekaj na itemki:)
 28544 | D:13     | 4thArraOfDagon: bylem juz
 28670 | D:13     | Thaneod: no to vault
 28691 | Vaults:1 | Entered Level 1 of the Vaults
 28692 | Vaults:1 | Thaneod: bo reszte poza slime masz czysto
 28693 | Vaults:1 | 4thArraOfDagon: bedzie slabo
 28712 | Vaults:1 | Thaneod: o trog wrath:)
 28720 | Vaults:1 | Reached XP level 19. HP: 54/149 MP: 26/31
 28891 | Vaults:1 | Thaneod: skad masz SH?
 28897 | Vaults:1 | 4thArraOfDagon: amu
 28897 | Vaults:1 | Thaneod: ooo
 28897 | Vaults:1 | Thaneod: i reflect
 28897 | Vaults:1 | 4thArraOfDagon: randart
 28897 | Vaults:1 | 4thArraOfDagon: no
 28897 | Vaults:1 | 4thArraOfDagon: :)
 28897 | Vaults:1 | 4thArraOfDagon: fajny jest
 28901 | Vaults:1 | Thaneod: zamienimy sie za topr:>?
 29093 | Vaults:1 | 4thArraOfDagon: i mark
 29352 | Vaults:1 | p0werm0de: powodzenia!
 29377 | Vaults:1 | Paralysed by a sphinx for 3 turns
 29386 | Vaults:1 | p0werm0de: the new world;D
 29420 | Vaults:1 | Thaneod: Hi powermode:)
 29557 | Vaults:1 | p0werm0de: !stalk thaneod
 29566 | Vaults:1 | beem: Thaneod the L20 MiBe^Trog in Elf:3 (cxc tiles), T:46755, runes: 2 (decaying, serpentine), defenses: 30/14/24, stats: 29/4/12, >15 skills: Fighting,Axes,Armour,Shields
 29584 | Vaults:1 | Received a gift from Okawaru
 29750 | Vaults:1 | Thaneod: !stalk p0werm0de
 29755 | Vaults:1 | beem: p0werm0de the L12 DsBe^Trog in Orc:1 (cxc tiles), T:11871, defenses: 26/8/0, stats: 21/9/14
 29810 | Vaults:1 | 4thArraOfDagon: hi
 29841 | Vaults:1 | p0werm0de: im ded
 29852 | Vaults:1 | p0werm0de: new try soon
 29953 | Vaults:1 | Thaneod: who killed you?
 30001 | Vaults:1 | p0werm0de: i realtime speedrunned and tabbed into too many orc sorcerors
 30014 | Vaults:1 | p0werm0de: including sun demons etc
 30316 | Vaults:1 | Reached skill level 10 in Invocations
 30340 | Vaults:1 | Paralysed by an ogre mage for 6 turns
 30584 | Vaults:1 | Thaneod: Beogh smites you! You die...
 30648 | Vaults:1 | p0werm0de: yy
 30929 | Vaults:2 | p0werm0de: what should i try steal combo hiscores from koerans or yermak
 30990 | Vaults:2 | p0werm0de: ;D
 31074 | Vaults:2 | p0werm0de: !hs * vsak
 31081 | Vaults:2 | beem: 3647. eld the Slayer (L27 VSAK of Lugonu), escaped with the Orb and 15 runes on 2017-01-13 21:15:20, with 35559485 points after 41305 turns and 8:23:09.
 31093 | Vaults:2 | p0werm0de: korean is eld and justnoob i think
 31104 | Vaults:2 | p0werm0de: !hs * drwz
 31107 | Vaults:2 | beem: 18546. eld the Petrodigitator (L27 DrWz of Vehumet), escaped with the Orb and 15 runes on 2016-10-20 19:15:34, with 24819908 points after 60536 turns and 10:10:17.
 31123 | Vaults:2 | Thaneod: hmm
 31123 | Vaults:2 | 4thArraOfDagon: just leave my scores :)
 31161 | Vaults:2 | p0werm0de: most are too high anyway
 31190 | Vaults:2 | p0werm0de: ;D
 31243 | Vaults:2 | Found Wecoozo's Magic Scroll Shoppe.
 31251 | Vaults:2 | Bought a scroll of teleportation for 54 gold pieces
 31251 | Vaults:2 | Bought a scroll of magic mapping for 63 gold pieces
 31534 | Vaults:2 | p0werm0de: http://crawl.akrasiac.org/scoring/top-combo-scores.html
 31563 | Vaults:2 | p0werm0de: help pls thaneod
 31563 | Vaults:2 | Thaneod: gtg, see you later!
 31574 | Vaults:2 | p0werm0de: mh k ;D
 31631 | Vaults:2 | Thaneod: lol
 31692 | Vaults:2 | Thaneod: today maybe my 3rd win with 5 runes;)
 31737 | Vaults:2 | p0werm0de: ye gl!
 31874 | Vaults:2 | 4thArraOfDagon: maybe
 31874 | Vaults:2 | 4thArraOfDagon: if you won't run into tab+o habit madness )
 31926 | Vaults:2 | Received a gift from Okawaru
 32095 | Vaults:2 | Reached XP level 20. HP: 158/158 MP: 32/32
 32145 | Vaults:2 | Reached skill level 15 in Armour
 33829 | Vaults:3 | Received a gift from Okawaru
 34203 | Vaults:3 | Found a staircase to the Crypt.
 34870 | Vaults:3 | Learned a level 1 spell: Apportation
 35056 | Vaults:4 | Found Sacav's Distillery.
 35089 | Vaults:4 | Reached XP level 21. HP: 158/165 MP: 33/33
 35165 | Vaults:4 | Received a gift from Okawaru
 35482 | Vaults:4 | Found Lowiugir's Distillery.
 35842 | Vaults:4 | Found Zamadojy's Distillery.
 35999 | Vaults:4 | Found Legetzai's Antique Weapon Shop.
 36138 | Vaults:4 | Found Jeiset's Food Shop.
 36149 | Vaults:4 | 4thArraOfDagon: 3 sklepy z butelkami
 36149 | Vaults:4 | 4thArraOfDagon: i jeden z zarciem
 36149 | Vaults:4 | 4thArraOfDagon: :(
 36501 | D:15     | Found a staircase to the Depths.
 36910 | Depths:1 | Entered Level 1 of the Depths
 37412 | Depths:1 | Found a sparkling altar of Nemelex Xobeh.
 37530 | Depths:1 | Noticed Bai Suzhen
 37531 | Depths:1 | 4thArraOfDagon: bai:)
 37531 | Depths:1 | 4thArraOfDagon: trudny jest?
 37556 | Depths:2 | Found a portal to a secret trove of treasure.
 37655 | Depths:3 | Found Niq Joyrgh's Armour Shop.
 37930 | Depths:2 | Noticed a juggernaut
 37956 | Depths:2 | Killed a juggernaut
 37956 | Depths:2 | Reached skill level 15 in Fighting
 37963 | Depths:2 | Reached XP level 22. HP: 50/175 MP: 34/34
 38394 | Depths:2 | Received a gift from Okawaru
 38396 | Depths:2 | Got a crystal great sword {god gift}
 38413 | Depths:2 | Identified the +3 great sword "Coex" {slice, *Corrode +Rage Dex+5} (Okawaru gifted it to you on level 2 of the Depths)
 38649 | Depths:2 | Found Faeptur's Gadget Boutique.
 38649 | Depths:2 | Found Loisuso's Jewellery Shoppe.
 38650 | Depths:2 | Found Huadas's Gadget Boutique.
 38724 | Depths:2 | Found a gateway to a ziggurat.
 39290 | Depths:3 | Found Adutzor's Armour Boutique.
 39295 | Depths:3 | Bought the +1 pair of gloves of Fun {+Inv Regen+ Int+2} for 304 gold pieces
 39307 | Depths:3 | Upgraded the game from 0.21-a0-251-g5e8393f to 0.21-a0-258-g4c0eb85
 39416 | Depths:3 | Received a gift from Okawaru
 39573 | Depths:3 | Bought the +2 pair of boots of the Assassin {Detection Stab+ Stlth++} for 1140 gold pieces
 39573 | Depths:3 | Found the +2 pair of boots of the Assassin {Detection Stab+ Stlth++}
 39906 | Depths:3 | Found a one-way gate leading to the halls of Pandemonium.
 40183 | Depths:4 | Noticed Xtahua
 40217 | Depths:4 | Killed Xtahua
 40343 | Depths:4 | Received a gift from Okawaru
 40348 | Depths:4 | Identified the +0 great sword of Xun Quna {slice, *Corrode +Blink rC+ Dex+4} (Okawaru gifted it to you on level 4 of the Depths)
 40459 | Depths:4 | Noticed Jory
 40481 | Depths:4 | Killed Jory
 40507 | Depths:4 | Found a one-way gate to the infinite horrors of the Abyss.
 40520 | Depths:4 | Noticed a golden dragon
 40544 | Depths:4 | Killed a golden dragon
 40607 | Depths:4 | Identified the ring "Kaoqy" {rPois rC+ Int+4} (You found it on level 4 of the Depths)
 40770 | Depths:5 | Entered Level 5 of the Depths
 40874 | Depths:5 | Received a gift from Okawaru
 40920 | Depths:5 | Reached XP level 23. HP: 139/185 MP: 35/35
 41072 | Depths:5 | Found a flickering gateway to a bazaar.
 41077 | Bazaar   | Entered a bazaar
 41096 | Bazaar   | Found Yxzepteck's Armour Shoppe.
 41118 | Bazaar   | Found Nuicolacw's Food Emporium.
 41148 | Bazaar   | Found Igrowink's Jewellery Emporium.
 41159 | Bazaar   | Found Cieroladd's Distillery.
 41170 | Bazaar   | Found Ipoud's Magic Scroll Shoppe.
 41178 | Bazaar   | Bought a scroll of enchant weapon for 97 gold pieces
 41178 | Bazaar   | Bought a scroll of blinking for 97 gold pieces
 41178 | Bazaar   | Bought a scroll of teleportation for 39 gold pieces
 41178 | Bazaar   | Bought a scroll of teleportation for 39 gold pieces
 41178 | Bazaar   | Bought a scroll of teleportation for 39 gold pieces
 41328 | Depths:5 | Noticed a caustic shrike
 41328 | Depths:5 | Noticed a caustic shrike
 41329 | Depths:5 | Noticed a caustic shrike
 41347 | Depths:5 | Killed a caustic shrike
 41360 | Depths:5 | Noticed a caustic shrike
 41361 | Depths:5 | Noticed a caustic shrike
 41381 | Depths:5 | Killed a caustic shrike
 41403 | Depths:5 | Killed a caustic shrike
 41650 | Depths:5 | Received a gift from Okawaru
 41877 | Depths:5 | Killed a caustic shrike
 42042 | Depths:5 | Found a gate to the Realm of Zot.
 42218 | Depths:5 | Received a gift from Okawaru
 42225 | Depths:5 | Identified the +0 pair of gloves "Ytyvour" {Int+4} (Okawaru gifted it to you on level 5 of the Depths)
 42350 | Depths:5 | Learned a level 8 spell: Infestation
 42441 | Depths:5 | Killed a caustic shrike
 42634 | Depths:1 | Killed Bai Suzhen
 43227 | Vaults:5 | Entered Level 5 of the Vaults
 43332 | Vaults:4 | Reached XP level 24. HP: 162/197 MP: 35/35
 44086 | Vaults:5 | Received a gift from Okawaru
 44390 | Vaults:5 | Got a silver rune of Zot
 44395 | Vaults:5 | Identified the +0 plate armour of the Arcane {+Fly Int-5 Dex+3} (You found it on level 5 of the Vaults)
 44712 | Vaults:5 | Identified the ring "Jenigh" {rC+ rN+ Slay+3} (You found it on level 5 of the Vaults)
 44790 | Vaults:5 | Identified the +5 battleaxe "Newtslayer" {flame, MR+ Int+6 Dex-4 SInv} (You found it on level 5 of the Vaults)
 44798 | Vaults:5 | Learned a level 5 spell: Silence
 44978 | Vaults:5 | Found the +10 morningstar "Eos" {elec, Halo rElec}
 45321 | Vaults:5 | Identified the ring "Ututir" {+Fly rPois Stlth+} (You found it on level 5 of the Vaults)
 45525 | Crypt:1  | Entered Level 1 of the Crypt
 45603 | Crypt:1  | Reached XP level 25. HP: 175/210 MP: 35/35
 45952 | Crypt:2  | Received a gift from Okawaru
 45957 | Crypt:2  | Identified the scarf of the Sunfish {Int+2} (Okawaru gifted it to you on level 2 of the Crypt)
 46091 | Crypt:3  | Entered Level 3 of the Crypt
 46109 | Crypt:3  | Noticed Frederick
 46139 | Crypt:3  | Killed Frederick
 46842 | Crypt:3  | Identified the +0 chain mail "Fadeoxy" {MR- Dex+2 Stlth+} (You found it on level 3 of the Crypt)
 47161 | Crypt:3  | Identified the cursed +1 chain mail of Zedid {+Blink +Inv} (You found it on level 3 of the Crypt)
 47177 | Crypt:3  | Identified the ring "Riwolir" {Int+3 Stlth+} (You found it on level 3 of the Crypt)
 47271 | Crypt:3  | Identified the Reference Book on Sinister Magic
 47530 | Crypt:3  | Received a gift from Okawaru
 47541 | Crypt:3  | Got a fine arbalest
 47542 | Crypt:3  | Identified the +4 arbalest of Cotousugg {elec, rPois rC+} (You found it on level 3 of the Crypt)
 47679 | Crypt:3  | Reached skill level 1 in Necromancy
 47791 | Crypt:3  | Found a staircase to the Tomb.
 47810 | Tomb:1   | Entered Level 1 of the Tomb of the Ancients
 47835 | Tomb:1   | Noticed Boris
 47853 | Tomb:1   | Killed Boris
 48078 | Tomb:1   | Reached skill level 5 in Necromancy
 48392 | Tomb:1   | Noticed an ancient lich
 48413 | Tomb:1   | Killed an ancient lich
 48458 | Tomb:1   | Reached skill level 10 in Spellcasting
 48470 | Tomb:1   | Noticed a greater mummy
 48514 | Tomb:1   | Killed a greater mummy
 48707 | Tomb:2   | Noticed a greater mummy
 48718 | Tomb:2   | Noticed a greater mummy
 48734 | Tomb:1   | Gained mutation: You are strongly in touch with the powers of death. [Mummy growth]
 48734 | Tomb:1   | Reached XP level 26. HP: 142/224 MP: 37/37
 48801 | Tomb:2   | Noticed an ancient lich
 48806 | Tomb:2   | Killed an ancient lich
 48814 | Tomb:2   | Noticed a greater mummy
 48828 | Tomb:2   | Killed a greater mummy
 49016 | Tomb:2   | Killed a greater mummy
 49029 | Tomb:2   | Killed a greater mummy
 49342 | Tomb:1   | Noticed a greater mummy
 49342 | Tomb:1   | Noticed a greater mummy
 49342 | Tomb:1   | Noticed a greater mummy
 49342 | Tomb:1   | Noticed a greater mummy
 49349 | Tomb:1   | Killed a greater mummy
 49349 | Tomb:1   | Received a gift from Okawaru
 49356 | Tomb:1   | Killed a greater mummy
 49370 | Tomb:1   | Killed a greater mummy
 49375 | Tomb:1   | Received a gift from Okawaru
 49383 | Tomb:1   | Killed a greater mummy
 49394 | Tomb:1   | Noticed a greater mummy
 49406 | Tomb:1   | Killed a greater mummy
 49412 | Tomb:1   | Noticed a greater mummy
 49424 | Tomb:1   | Killed a greater mummy
 49424 | Tomb:1   | Reached skill level 10 in Translocations
 49430 | Tomb:1   | Noticed a greater mummy
 49440 | Tomb:1   | Killed a greater mummy
 49541 | Tomb:1   | Noticed a greater mummy
 49572 | Tomb:1   | Killed a greater mummy
 49610 | Tomb:1   | Noticed a greater mummy
 49631 | Tomb:1   | Killed a greater mummy
 49644 | Tomb:1   | Noticed a greater mummy
 49655 | Tomb:1   | Noticed a greater mummy
 49662 | Tomb:1   | Killed a greater mummy
 49663 | Tomb:1   | Noticed a greater mummy
 49664 | Tomb:1   | Noticed a greater mummy
 49671 | Tomb:1   | Killed a greater mummy
 49675 | Tomb:1   | Killed a greater mummy
 49684 | Tomb:1   | Killed a greater mummy
 49738 | Tomb:1   | Noticed a greater mummy
 49738 | Tomb:1   | Noticed a greater mummy
 49751 | Tomb:1   | Killed a greater mummy
 49755 | Tomb:1   | Noticed a greater mummy
 49760 | Tomb:1   | Killed a greater mummy
 49769 | Tomb:1   | Killed a greater mummy
 50026 | Tomb:3   | Entered Level 3 of the Tomb of the Ancients
 50079 | Tomb:2   | HP: 6/224 [bennu (20)]
 50079 | Tomb:2   | Slain by a bennu

Vault maps used:
D:1:      roderic_chinese_lattice_arrival
D:2:      eat_drink_and_be_merry_uskayaw
D:3:      grunt_dithmenos_smoke_and_mirrors
D:4:      okawaru_ov_weapons_minmay, uniq_blork_the_orc, uniq_eustachio
D:5:      first_bread, uniq_edmund, uniq_menkaure
D:6:      overflow_temple_1_default, temple_hall
D:7:      serial_shops, shop_fountains, kennysheep_pointless_box, the_bakery,
          uniq_joseph
D:8:      nicolae_ru_sacrificial_ziggurat, uniq_grum, uniq_prince_ribbit1
D:9:      minmay_lair_entry_lava, nemelex_spade_bored_becter
D:10:     serial_shops, kennysheep_mini
D:11:     serial_glass, glass_columns_a, glass_columns_a, due_unseen_surprise,
          feat_on_display, minmay_strange_pillars,
          portal_ice_cave_entry_pillars_1
D:12:     david_orc_2, uniq_josephine
D:14:     david_vaults_3, serial_shops, shop, nicolae_shop_behind_doors,
          minmay_misc_feat_four_crosses, uniq_sonja
D:15:     hangedman_depths_entry_civil_slaughter, lemuel_crystal_altar
Lair:1:   grunt_megastairs_3
Lair:2:   minmay_shoals_entry_centaurs, spider_nest_entry_rubble,
          serial_bayou_shore_b, grunt_megastairs_2
Lair:4:   hibernation_bobbens
Lair:5:   minmay_guarded_unrand_snakebite, serial_bayou_shore_b
Lair:6:   evil_forest, slime_altar_1, serial_bayou_pond_a,
          lemuel_altar_in_water2
Shoals:1: serial_shops, nicolae_shop_trees, nicolae_shoals_flooded_hall
Shoals:2: wheals_shoals_ruined_temple, uniq_frances
Shoals:4: shoals_end_grunt_ice, shoals_ilsuiw_ice
Spider:2: nicolae_spider_nook
Spider:3: uniq_arachne
Spider:4: johnstein_spider_rune_arachne_lair
Orc:2:    st_orc_congregation, uniq_maurice
Elf:1:    eino_elf_arrival_sip, evilmike_minifort, corexii_checkpoint_a
Elf:2:    uniq_jorgrun, uniq_saint_roka
Elf:3:    minmay_elf_hall_curves, uniq_louise
Vaults:1: hangedman_vaults_trim, dpeg_vaults_waves, serial_ice_g,
          vaults_standard_mumra_lines, v_misc_9, nicolae_vaults_circle_grid_a,
          nicolae_vaults_ring_of_whatevers, v_misc_33, v_misc_11,
          vaults_room_grunt_arrival_ludios, grunt_vaults_focal
Vaults:2: serial_ice_b, v_misc_30, v_pattern_5, v_misc_15,
          hangedman_vaults_snaps, v_misc_2, nicolae_vaults_alarming, v_misc_5,
          serial_shops, shop
Vaults:3: hangedman_vaults_corner, minmay_crypt_entry_simple_walls,
          st_quartered_hall, hangedman_vaults_stagger, vaults_mumra_hex,
          v_rooms_4, v_misc_8, nicolae_vaults_hallways_thing, v_pattern_3,
          ontoclasm_vaults_shuriken, v_alt_pattern_1,
          nicolae_vaults_mini_display_case
Vaults:4: ontoclasm_vaults_loading_screen, v_alt_pattern_6,
          hangedman_vaults_unwind, nicolae_vaults_holding_cells,
          ontoclasm_vaults_ring_square, v_misc_4, nicolae_vaults_three_branches,
          nicolae_vaults_border_crossing, hangedman_vaults_variations,
          v_alt_pattern_4, v_misc_22, serial_shops, shop, shop,
          nicolae_shop_waterfront, shop, nicolae_shop_stone
Crypt:1:  grunt_crypt_arrival_webbed, uniq_mara
Crypt:2:  palyth_stone_intersect
Crypt:3:  due_elkab, uniq_frederick
Tomb:1:   uniq_boris
Depths:1: hangedman_cross_cluster, abyss_entry, lightli_too_deep,
          hangedman_abyss_or_decor_clamps, nemelex_xobeh_ov_fountains_minmay,
          uniq_bai_suzhen
Depths:2: cheibrodos_hall_of_evolution, enter_ziggurat_f,
          nicolae_trove_entry_path_of_doom, grunt_hell_entry_dis_mu,
          kennysheep_another_room, minmay_shop_grove
Depths:3: kennysheep_funnel, pan_entry, nrook_pool_corridor, hell_entry,
          serial_shops, shop, kennysheep_little_box,
          infiniplex_staircase_diamond, serial_bayou_shore_b
Depths:4: gammafunk_corrupted_shrine, pf_hell_entry_tar_river, abyss_entry,
          rand_demon_pan_entry_1, serial_sigils_hangedman_carve,
          minmay_checkered_concentric_circles, firewood_loft, uniq_jory,
          uniq_xtahua
Depths:5: lemuel_castle_with_subvaults, serial_shops, bzr_entry_road,
          serial_sigils_hangedman_snap, hell_entry, columned_hall_lemuel
Bazaar:   bazaar_jpeg_circle_rare_3
IceCv:    ice_cave_caverns_03

Skill      XL: |  1  2  3  4  5  6  7  8  9 10 11 12 13 14 15 16 17 18 19 20 21 22 23 24 25 26 |
---------------+-------------------------------------------------------------------------------+-----
Armour         | 1 2 3 4 5 7 9 11 12 13 14 15 16 | 16.0
Long Blades    | 1 2 3 4 5 6 7 9 10 11 13 16 18 19 21 22 | 22.0
Dodging        | 2 3 4 5 6 7 9 10 11 12 13 14 | 14.3
Invocations    | 1 2 3 4 5 6 7 9 11 12 | 12.3
Spellcasting   | 3 4 5 6 7 8 10 13 | 13.1
Translocations | 4 5 6 10 | 10.1
Fighting       | 3 4 5 7 9 11 13 14 15 16 17 19 22 | 22.0
Evocations     | 3 6 7 |  7.9
Necromancy     | 7 9 |  9.6
Polearms       | |  1.9
Throwing       | |  0.7

Action                   |  1- 3 |  4- 6 |  7- 9 | 10-12 | 13-15 | 16-18 | 19-21 | 22-24 | 25-27 || total
-------------------------+-------+-------+-------+-------+-------+-------+-------+-------+-------++-------
Melee: Spear             |    11 |       |       |       |       |       |       |       |       ||    11
       Falchion          |    50 |    84 |   236 |   643 |  1400 |   538 |       |       |       ||  2951
       Punch             |       |       |     4 |    19 |    27 |     6 |       |       |       ||    56
       Great sword       |       |       |       |       |     7 |  1855 |  2691 |   163 |       ||  4716
       Triple sword      |       |       |       |       |       |       |       |  1816 |  1163 ||  2979
Throw: Javelin           |       |       |       |    27 |     3 |       |       |       |       ||    30
       Tomahawk          |       |       |       |     8 |       |       |       |       |       ||     8
       Throwing net      |       |       |       |       |       |       |     3 |       |     1 ||     4
 Cast: Blink             |       |       |       |     1 |       |       |       |     5 |       ||     6
       Passage of Golubr |       |       |       |       |       |       |       |       |     3 ||     3
Invok: Heroism           |       |     1 |    16 |    44 |    67 |    76 |    49 |    68 |    30 ||   351
       Finesse           |       |       |       |     4 |     5 |    13 |     9 |    14 |     7 ||    52
 Abil: Evoke Fog         |       |       |       |       |       |       |       |       |     7 ||     7
Evoke: Wand              |       |       |     3 |       |    26 |    13 |       |    10 |     6 ||    58
       Sack of spiders   |       |       |       |     1 |     1 |       |       |       |       ||     2
       Box of beasts     |       |       |       |       |       |     3 |       |       |       ||     3
       Lamp of fire      |       |       |       |       |       |       |       |     1 |       ||     1
       Phial of floods   |       |       |       |       |       |       |       |     1 |       ||     1
  Use: Scroll            |     2 |     1 |     1 |    16 |    19 |    17 |     9 |    19 |     9 ||    93
 Stab: Sleeping          |       |       |     3 |     3 |    16 |       |       |       |     1 ||    23
       Distracted        |       |       |       |     3 |     5 |       |       |     1 |     2 ||    11
       Paralysed         |       |       |       |       |     2 |       |       |       |       ||     2
       Held in net/web   |       |       |       |       |       |       |     5 |       |       ||     5
Armor: Leather armour    |    17 |     7 |       |       |       |       |       |       |       ||    24
       Chain mail        |       |    18 |       |       |       |       |       |       |       ||    18
       Ring mail         |       |     5 |    45 |    32 |       |       |       |       |       ||    82
       Scale mail        |       |       |       |    61 |       |       |       |       |       ||    61
       Plate armour      |       |       |       |    98 |   162 |  1115 |   652 |   824 |   612 ||  3463
       Troll leather arm |       |       |       |     4 |    13 |    18 |     3 |    22 |       ||    60
       Robe              |       |       |       |       |   145 |       |       |       |       ||   145
       Skin              |       |       |       |       |       |     6 |       |       |       ||     6
Dodge: Dodged            |    26 |    36 |    99 |   248 |   549 |   862 |   669 |   704 |   473 ||  3666
Block: Other             |       |       |       |       |    97 |   611 |   449 |   428 |   337 ||  1922
       Reflection        |       |       |       |       |    11 |    29 |    26 |    17 |     1 ||    84
       Rpst.: Falchion   |     8 |    12 |    36 |    51 |   146 |    18 |       |       |       ||   271
       Great sword       |       |       |       |       |     4 |   125 |   156 |     5 |       ||   290
       Triple sword      |       |       |       |       |       |       |       |   120 |   113 ||   233

Table legend:
 A = Spawn XP
 B = Non-spawn XP
 C = Spawn XP percentage of total XP
 D = Spawn monster count
 E = Non-spawn monster count
 F = Spawn count percentage of total count
 G = Total turns spent on level
                    A         B        C        D         E        F      G
               +---------+---------+-------+---------+---------+-------+---------
         Total |   98055 | 1370240 |   6.7 |     203 |    2124 |   8.7 | 50079
               +---------+---------+-------+---------+---------+-------+---------
           D:1 |       2 |      28 |   6.7 |       1 |      16 |   5.9 |   588
           D:2 |       3 |      82 |   3.5 |       2 |      21 |   8.7 |   287
           D:3 |      14 |      51 |  21.5 |       6 |      14 |  30.0 |  1040
           D:4 |       0 |    1089 |   0.0 |       0 |      23 |   0.0 |   731
           D:5 |       0 |     605 |   0.0 |       0 |      17 |   0.0 |   464
           D:6 |     280 |     797 |  26.0 |       2 |      27 |   6.9 |   644
           D:7 |       0 |    1619 |   0.0 |       0 |      19 |   0.0 |   688
           D:8 |      45 |    1571 |   2.8 |       1 |      28 |   3.4 |   880
           D:9 |       0 |    5370 |   0.0 |       0 |      36 |   0.0 |   950
          D:10 |       0 |    4577 |   0.0 |       0 |      16 |   0.0 |   622
          D:11 |     921 |    2382 |  27.9 |       1 |       6 |  14.3 |   487
          D:12 |    1199 |     542 |  68.9 |       6 |      15 |  28.6 |   753
          D:13 |    2467 |    6776 |  26.7 |      10 |      31 |  24.4 |   817
          D:14 |    1537 |    8749 |  14.9 |       7 |      33 |  17.5 |   905
          D:15 |    1593 |   20467 |   7.2 |       3 |      38 |   7.3 |   960
        Lair:1 |       0 |    2629 |   0.0 |       0 |      11 |   0.0 |   577
        Lair:2 |       0 |    5185 |   0.0 |       0 |      14 |   0.0 |   818
        Lair:3 |       0 |    3910 |   0.0 |       0 |      11 |   0.0 |   537
        Lair:4 |     731 |    3156 |  18.8 |       2 |      18 |  10.0 |   536
        Lair:5 |     147 |    8822 |   1.6 |       1 |      46 |   2.1 |   565
        Lair:6 |       0 |   12597 |   0.0 |       0 |      38 |   0.0 |   983
      Shoals:1 |     946 |   13258 |   6.7 |       2 |      27 |   6.9 |   712
      Shoals:2 |     211 |   13421 |   1.5 |       1 |      20 |   4.8 |   761
      Shoals:3 |     297 |   10064 |   2.9 |       1 |      19 |   5.0 |   891
      Shoals:4 |    6072 |   36978 |  14.1 |      11 |      56 |  16.4 |  1269
      Spider:1 |     613 |    6765 |   8.3 |       1 |      22 |   4.3 |   629
      Spider:2 |    4138 |   24961 |  14.2 |       9 |      74 |  10.8 |  1003
      Spider:3 |     358 |   11011 |   3.1 |       1 |      29 |   3.3 |   516
      Spider:4 |    1958 |   39375 |   4.7 |       8 |      84 |   8.7 |  1823
         Orc:1 |    2118 |    3535 |  37.5 |       3 |      38 |   7.3 |   709
         Orc:2 |    1165 |   17830 |   6.1 |       2 |      80 |   2.4 |  1495
         Elf:1 |     605 |   22228 |   2.6 |       1 |      29 |   3.3 |   949
         Elf:2 |     572 |    6858 |   7.7 |       1 |      13 |   7.1 |   394
         Elf:3 |    6752 |   49928 |  11.9 |      11 |      43 |  20.4 |  2323
      Vaults:1 |   27537 |   44591 |  38.2 |      38 |      86 |  30.6 |  2308
      Vaults:2 |    3227 |   42365 |   7.1 |       5 |      81 |   5.8 |  1587
      Vaults:3 |   12334 |   82500 |  13.0 |      42 |     122 |  25.6 |  2660
      Vaults:4 |    6002 |  113129 |   5.0 |       5 |     109 |   4.4 |  2254
      Vaults:5 |       0 |   96756 |   0.0 |       0 |      76 |   0.0 |  1311
       Crypt:1 |       0 |   27422 |   0.0 |       0 |      34 |   0.0 |   454
       Crypt:2 |       0 |   25265 |   0.0 |       0 |      34 |   0.0 |   513
       Crypt:3 |       0 |   62345 |   0.0 |       0 |      88 |   0.0 |  1318
        Tomb:1 |       0 |  163669 |   0.0 |       0 |      87 |   0.0 |  1540
        Tomb:2 |       0 |   46600 |   0.0 |       0 |      58 |   0.0 |   689
        Tomb:3 |       0 |    4438 |   0.0 |       0 |       6 |   0.0 |    40
      Depths:1 |    7581 |   55505 |  12.0 |       7 |      59 |  10.6 |  1074
      Depths:2 |    6630 |   44319 |  13.0 |      12 |      52 |  18.8 |  1506
      Depths:3 |       0 |   29928 |   0.0 |       0 |      44 |   0.0 |   866
      Depths:4 |       0 |   58558 |   0.0 |       0 |      52 |   0.0 |  1006
      Depths:5 |       0 |  114775 |   0.0 |       0 |      82 |   0.0 |  1546
         IceCv |       0 |   10859 |   0.0 |       0 |      42 |   0.0 |   949
               +---------+---------+-------+---------+---------+-------+---------
